 Dungeon Sprint DCSS version 0.29-a0-323-g050149af67 (webtiles) character file.

Game seed: 4801469422903951533

458 fragbeetle the Transmogrifier (level 6, -12/47 HPs)
             Began as a Draconian Transmuter on Apr 11, 2022.
             Mangled by a yak (14 damage)
             ... in the Dungeon (Sprint I: "Red Sonja").
             The game lasted 00:01:33 (480 turns).

fragbeetle the Transmogrifier (Draconian Transmuter) Turns: 480, Time: 00:01:34

Health: -12/47     AC:  6    Str: 14    XL:     6   Next: 77%
Magic:  9/9        EV: 12    Int: 13    God:
Gold:   310        SH:  0    Dex: 12    Spells: 5/9 levels left

rFire   . . .      SeeInvis .   i - +0 club (spect)
rCold   . . .      Faith    .   (no shield)
rNeg    . . .      Spirit   .   (body armour unavailable)
rPois   .          Reflect  .   (helmet restricted)
rElec   .          Harm     .   (no cloak)
rCorr   .          Rampage  .   (no gloves)
Will    .....      NoTele   +   (no boots)
Stlth   ++........              (no amulet)
HPRegen 0.15/turn               (no ring)
MPRegen 0.11/turn               (no ring)

@: no status effects
A: AC +6, unfitting armour, cold-blooded
a: no special abilities


You were in the Dungeon.
You visited 1 branch You collected 310 gold pieces.

Inventory:

Hand Weapons
 i - a +0 spectral club (weapon)
 j - a +1 vampiric scythe
Wands
 h - a wand of digging (5)
 k - a wand of flame (12)
Scrolls
 g - a scroll of blinking
Potions
 a - a potion of lignification
 b - a potion of curing
 c - a potion of heal wounds
 d - a potion of haste
 e - 2 potions of magic
 f - a potion of berserk rage


   Skills:
 - Level 1.1 Fighting
 + Level 5.1 Maces & Flails
 - Level 1.7 Dodging
 - Level 2.2 Stealth
 - Level 5.0 Unarmed Combat
 - Level 2.0 Spellcasting
 + Level 12.8 Transmutations


You had 5 spell levels left.
You knew the following spells:

 Your Spells              Type           Power      Damage    Failure   Level
a - Beastly Appendage     Tmut           68%        N/A       1%          1
b - Spider Form           Tmut/Pois      17%        N/A       5%          3

Your spell library contained the following spells:

 Spells                   Type           Power      Damage    Failure   Level
 Wereblood                Tmut           34%        N/A       1%          2
 Ice Form                 Ice/Tmut       17%        N/A       19%         4


Dungeon Overview and Level Annotations

Branches:
Dungeon (1/1)

Altars:
Cheibriados
Dithmenos
Elyvilon
Fedhas
Hepliaklqana
Kikubaaqudgha
Makhleb
Okawaru
Qazlal
Ru
Sif Muna
Trog
Uskayaw
Vehumet
Wu Jian
Xom
Yredelemnul
Zin
The Shining One
Jiyva
Lugonu

Shops:
D (


Innate Abilities, Weirdness & Mutations

Your plain brown scales are hard. (AC +6)
You cannot fit into any form of body armour.
You are cold-blooded and may be slowed by cold attacks.


Message History

You kill the jelly!
Your Maces & Flails skill increases to level 5!
There is an ornate altar of the Wu Jian Council here.
You now have 175 gold pieces (gained 13).
k - a wand of flame (12)
There is a shimmering blue altar of Sif Muna here.
You open the door.
Your transformation is almost over.
Found 135 gold pieces.
There is an open door here.
You now have 202 gold pieces (gained 27).
You are no longer corroded.
You now have 229 gold pieces (gained 27).
You now have 256 gold pieces (gained 27).
You now have 283 gold pieces (gained 27).
Your horns disappear.
Your talons disappear.
You now have 310 gold pieces (gained 27).
There is an open door here.
You open the door.
A yak comes into view.
The yak bellows!
Found Pupoliro's Weapon Emporium.
Found fourteen altars.
You hit the yak but do no damage.
You tail-slap the yak, but do no damage.
Your +0 spectral club hits the yak.
The yak gores you!
You hit the yak but do no damage.
The yak is lightly wounded.
Your +0 spectral club hits the yak.
The yak gores you.
You hit the yak but do no damage. You tail-slap the yak.
The yak is moderately wounded.
Your +0 spectral club hits the yak.
The yak gores you!
You hit the yak but do no damage.
The yak is moderately wounded.
Your +0 spectral club hits the yak.
The yak gores you!
* * * LOW HITPOINT WARNING * * *
You hit the yak but do no damage.
The yak is moderately wounded.
Your +0 spectral club hits the yak but does no damage.
The yak gores you!
You die...

###################
#<.#..)..#.['..#__#
#..[..#..'..#..'..+
#..#####'#####'#__#
#..# #..#...#.####
#..#__####..##.#
#..#_____##'#_.+
#⌠⌠#_.∩...§Y@._#
####_..__##(§#+#
___ ##+# #


You could see a yak and a friendly +0 spectral club (summoned).

Vanquished Creatures
  A slime creature (D)
  Sigmund (D)
  An ogre (D)
  A jelly (D)
  Ijyb (D)
5 creatures vanquished.

Notes
Turn   | Place    | Note
-------+----------+-------------------------------------------
     0 | D        | fragbeetle the Draconian Transmuter began the quest for the
                  | Orb.
     0 | D        | Reached XP level 1. HP: 16/16 MP: 3/3
     2 | D        | Noticed Ijyb
    14 | D        | Killed Ijyb
    15 | D        | Reached skill level 5 in Unarmed Combat
    15 | D        | Reached skill level 4 in Transmutations
    15 | D        | Reached XP level 2. HP: 6/23 MP: 3/5
   250 | D        | Noticed an ogre
   254 | D        | Killed an ogre
   255 | D        | Reached skill level 8 in Transmutations
   255 | D        | Reached XP level 3. HP: 28/28 MP: 4/6
   255 | D        | Reached XP level 4. HP: 35/35 MP: 4/7
   259 | D        | Learned a level 3 spell: Spider Form
   289 | D        | Noticed Sigmund
   297 | D        | Killed Sigmund
   298 | D        | Reached skill level 11 in Transmutations
   298 | D        | Reached XP level 5. HP: 24/40 MP: 6/8
   426 | D        | Found a burning altar of Makhleb.
   426 | D        | Found a viscous altar of Jiyva.
   426 | D        | Found a shimmering altar of Xom.
   426 | D        | Found a corrupted altar of Lugonu.
   426 | D        | Noticed a slime creature
   432 | D        | Killed a slime creature
   433 | D        | Reached skill level 12 in Transmutations
   433 | D        | Reached XP level 6. HP: 47/47 MP: 7/9
   439 | D        | Found an ornate altar of the Wu Jian Council.
   439 | D        | Found a shimmering blue altar of Sif Muna.
   441 | D        | Found a radiant altar of Vehumet.
   448 | D        | Reached skill level 5 in Maces & Flails
   474 | D        | Found Pupoliro's Weapon Emporium.
   474 | D        | Found an ancient bone altar of Kikubaaqudgha.
   474 | D        | Found a hazy altar of Hepliaklqana.
   474 | D        | Found a stormy altar of Qazlal.
   474 | D        | Found a hide-covered altar of Uskayaw.
   474 | D        | Found a blossoming altar of Fedhas.
   474 | D        | Found a bloodstained altar of Trog.
   474 | D        | Found an iron altar of Okawaru.
   474 | D        | Found a basalt altar of Yredelemnul.
   474 | D        | Found a glowing golden altar of the Shining One.
   474 | D        | Found a snail-covered altar of Cheibriados.
   474 | D        | Found a sacrificial altar of Ru.
   474 | D        | Found a glowing silver altar of Zin.
   474 | D        | Found a shadowy altar of Dithmenos.
   474 | D        | Found a white marble altar of Elyvilon.
   474 | D        | Noticed a yak
   478 | D        | HP: 2/47 [yak (13)]
   480 | D        | Mangled by a yak

Illustrated notes

Levels and vault maps discovered:
D:        dungeon_sprint_1 [red_sonja_temple_1, red_sonja_temple_small_1]

Skill      XL: |  1  2  3  4  5  6 |
---------------+-------------------+-----
Unarmed Combat | 5 |  5.0
Transmutations | 4 8 11 12 | 12.8
Stealth        | 2 |  2.2
Maces & Flails | 3 4 5 |  5.1
Fighting       | |  1.1
Dodging        | |  1.7
Spellcasting   | |  2.0

Action                   |  1- 3 |  4- 6 || total
-------------------------+-------+-------++-------
Melee: Unarmed           |    11 |       ||    11
       Kick              |     6 |     9 ||    15
       Headbutt          |     3 |     4 ||     7
       Tailslap          |     2 |     2 ||     4
       Club              |     3 |    17 ||    20
 Cast: Beastly Appendage |     2 |     3 ||     5
 Stab: Sleeping          |       |     2 ||     2
Dodge: Dodged            |     6 |     5 ||    11

Table legend: (Time is in decaauts)
 A = Elapsed time spent in this place.
 B = Non-inter-level travel time spent in this place.
 C = Inter-level travel time spent in this place.
 D = Time resting spent in this place.
 E = Time spent auto-exploring this place.
 F = Levels seen in this place.
 G = Mean time per level.
                   A        B        C        D        E       F      G
               +--------+--------+--------+--------+--------+-----+--------+
         Total |    482 |    482 |      0 |    360 |      0 |   1 |  482.0 |
       Dungeon |    482 |    482 |      0 |    360 |      0 |   1 |  482.0 |
               +--------+--------+--------+--------+--------+-----+--------+

Top non-repeatable levels by time:
       D: 482 daAuts
